 Dungeon Crawl Stone Soup version 0.28.0-53-g5a82cb258f (webtiles) character file.

Game seed: 17398378716895654173

72 PentaManta the Insei (level 4, 0/33 HPs)
             Began as a Merfolk Gladiator on June 5, 2022.
             Slain by a goblin
             ... wielding a +0 dagger
             ... led by Robin
              (3 damage)
             ... on level 2 of the Dungeon.
             The game lasted 00:05:15 (2597 turns).

PentaManta the Insei (Merfolk Gladiator)            Turns: 2597, Time: 00:05:15

Health: 0/33       AC:  4    Str: 14    XL:     4   Next: 25%
Magic:  4/4        EV: 12    Int:  9    God:
Gold:   93         SH:  3    Dex: 15    Spells: 3/3 levels left

rFire   . . .      SeeInvis .     - Unarmed
rCold   . . .      Faith    .   j - +0 buckler
rNeg    . . .      Spirit   .   a - +0 leather armour
rPois   .          Reflect  .   b - +0 helmet
rElec   .          Harm     .   (no cloak)
rCorr   .          Rampage  .   (no gloves)
Will    .....                   (no boots)
Stlth   +.........              (no amulet)
HPRegen 0.11/turn               (no ring)
MPRegen 0.09/turn               (no ring)

@: no status effects
A: (nimble swimmer 2), mertail
a: no special abilities


You were on level 2 of the Dungeon.
You visited 1 branch of the dungeon, and saw 2 of its levels.

You collected 93 gold pieces.

Inventory:

Missiles
 c - 3 throwing nets (quivered)
 h - 4 poisoned darts
Armour
 a - a +0 leather armour (worn)
 b - a +0 helmet (worn)
 j - a +0 buckler (worn)
Scrolls
 d - a scroll of silence {unknown}
 f - 5 scrolls of identify {unknown}
Potions
 e - a potion of curing {unknown}
 g - a potion of brilliance {unknown}
 i - a potion of heal wounds {unknown}


   Skills:
 - Level 2.1 Fighting
 - Level 2.0 Throwing
 - Level 4.0 Dodging
 + Level 5.4 Unarmed Combat


You had 3 spell levels left.
You didn't know any spells.
Your spell library contained the following spells:

 Spells                   Type           Power      Damage    Failure   Level
 Ozocubu's Armour         Ice            0%         N/A       91%         3
 Metabolic Englaciation   Hex/Ice        0%         N/A       100%        5
 Simulacrum               Ice/Necr       0%         N/A       100%        6


Dungeon Overview and Level Annotations

Branches:
Dungeon (2/15)

Altars:

Annotations:
D:2 Robin


Innate Abilities, Weirdness & Mutations

((You are very nimble when in or above water. (Stealth+, EV+, Speed+++)))
Your lower body shifts to a powerful aquatic tail in water.


Message History

Robin is almost dead.
Robin roars a battlecry!
The hobgoblin goes into a battle-frenzy!
The hobgoblin hits you.
You hit Robin but do no damage.
Robin is almost dead.
Robin hits you with a +0 club.
* * * LOW HITPOINT WARNING * * *
The hobgoblin hits you but does no damage.
Unknown command.
You closely miss Robin.
Robin is almost dead.
Robin misses you.
You barely miss Robin.
Robin is almost dead.
Robin closely misses you.
The hobgoblin hits you but does no damage.
Robin says, "My army is invincible!"
You hit the goblin but do no damage.
Unknown command.
Robin roars a battlecry!
The goblin goes into a battle-frenzy!
You block the goblin's attack.
The hobgoblin no longer looks unusually strong.
Robin throws the goblin at you!
The goblin shouts!
The goblin closely misses you.
Robin roars a battlecry!
The goblins go into a battle-frenzy!
You block the goblin's attack.
The hobgoblin shouts!
You closely miss the hobgoblin. The hobgoblin closely misses you.
The goblin closely misses you.
You hit the hobgoblin but do no damage. The hobgoblin misses you.
The goblin hits you with a +0 dagger.
* * * LOW HITPOINT WARNING * * *
You closely miss the hobgoblin. The hobgoblin hits you.
* * * LOW HITPOINT WARNING * * *
The goblin hits you with a +0 dagger.
You die... ###.### ggg

#.....# #g#
#.....# #.#
#.....# #.#
#.....# ##g##
###.....# ###...##
#.....#####......#
#.#.#g####......##
#.#..gg@g......##
#.###.####.....#
#.....# ##.......
####### ########


You could see 2 hobgoblins and 2 goblins.

Vanquished Creatures
  An adder (D:2)
  An adder skeleton (D:2)
  A worm (D:2)
  3 endoplasms (D:1)
  10 goblins
  9 hobgoblins
  3 jackals (D:2)
  6 kobolds
  5 quokkas (D:1)
  4 ball pythons
  3 bats
  A frilled lizard (D:1)
  3 rats
50 creatures vanquished.

Vanquished Creatures (others)
  3 plants (D:1)
3 creatures vanquished.

Grand Total: 53 creatures vanquished

Notes
Turn   | Place    | Note
-------+----------+-------------------------------------------
     0 | D:1      | PentaManta the Merfolk Gladiator began the quest for the
                  | Orb.
     0 | D:1      | Reached XP level 1. HP: 16/16 MP: 1/1
   198 | D:1      | Reached XP level 2. HP: 14/22 MP: 2/2
   201 | D:1      | Reached skill level 4 in Unarmed Combat
   967 | D:1      | Reached XP level 3. HP: 27/27 MP: 3/3
  1050 | D:1      | Found a faded altar of an unknown god.
  2297 | D:2      | Reached skill level 5 in Unarmed Combat
  2371 | D:2      | Reached XP level 4. HP: 33/33 MP: 4/4
  2380 | D:2      | Noticed Robin
  2597 | D:2      | Slain by a goblin

Illustrated notes

Levels and vault maps discovered:
D:1:      saegor_arrival_simple_b, layout_basic,
          shapermc_ecumenical_altar_notcrosses, serial_bayou_ford_a,
          minmay_misc_feat_four_crosses
D:2:      layout_loops_corners, uniq_robin

Skill      XL: |  1  2  3 |
---------------+----------+-----
Unarmed Combat | 4 5 |  5.4
Fighting       | |  2.1
Throwing       | |  2.0
Dodging        | |  4.0

Action                   |  1- 3 |  4- 6 || total
-------------------------+-------+-------++-------
Melee: Unarmed           |   182 |    40 ||   222
       Punch             |     6 |       ||     6
Armor: Leather armour    |    46 |     7 ||    53
Dodge: Dodged            |   111 |    24 ||   135
Block: Buckler           |     4 |     8 ||    12
